 Dungeon Crawl Stone Soup version 0.19-a0-1320-g0178847 (webtiles) character file.

127 Amnesiac the Caller (level 5, -1/28 HPs)
             Began as a Tengu Summoner on Aug 31, 2016.
             Killed by nerve-wracking pain
             ... invoked by a shadow imp
             ... summoned by Natasha
              (2 damage)
             ... on level 3 of the Dungeon.
             The game lasted 00:05:12 (1391 turns).

Amnesiac the Caller (Tengu Summoner)                Turns: 1391, Time: 00:05:14

Health: -1/28      AC:  2    Str:  8    XL:     5   Next: 11%
Magic:  4/12       EV: 15    Int: 15    God:
Gold:   27         SH:  0    Dex: 16    Spells: 2 memorised, 8 levels left

rFire  . . .     SeeInvis .     h - +0 scythe
rCold  . . .     Gourm    .     a - +0 robe
rNeg   . . .     Faith    .     (shield currently unavailable)
rPois  .         Spirit   .     (helmet restricted)
rElec  .         Dismiss  .     (no cloak)
rCorr  .         Reflect  .     (no gloves)
MR     .....     Harm     .     (boots unavailable)
Stlth  ++........               (no amulet)
                                (no ring)
                                g - -3 ring of slaying (curse)

@: no status effects
A: beak, talons 3, repulsion field 1, blurry vision 1, deterioration 1, able to
fly 1
a: Fly


You were on level 3 of the Dungeon.
You were not hungry.

You visited 1 branch of the dungeon, and saw 4 of its levels.

You collected 27 gold pieces.

Inventory:

Hand Weapons
 h - a +0 scythe (weapon)
Armour
 a - a +0 robe (worn)
Jewellery
 g - a cursed -3 ring of slaying (left hand)
Scrolls
 e - 2 scrolls of identify
Books
 b - a book of Callings

   Spells                             Type                      Level
   a - Summon Small Mammal            Summoning                    1
   b - Call Imp                       Summoning                    2
   c - Call Canine Familiar           Summoning                    3
   d - Summon Guardian Golem          Hexes/Summoning              3
   e - Summon Lightning Spire         Summoning/Air                4
   f - Summon Ice Beast               Ice/Summoning                4
 i - a book of Dreams

   Spells                             Type                      Level
   a - Ensorcelled Hibernation        Hexes/Ice                    2
   b - Silence                        Hexes/Air                    5
   c - Darkness                       Hexes                        6
   d - Shadow Creatures               Summoning                    6
Comestibles
 c - 2 bread rations
 f - a slice of pizza


   Skills:
 - Level 2.7 Dodging
 - Level 2.4 Stealth
 - Level 4.0 Spellcasting
 + Level 5.2 Summonings


You had 8 spell levels left.
You knew the following spells:

 Your Spells              Type           Power        Failure   Level  Hunger
f - Call Canine Familiar  Summ           ###.....     10%         3    ###....
z - Summon Small Mammal   Summ           ###.         1%          1    None


Dungeon Overview and Level Annotations

Branches:
Dungeon (4/15)
 Temple: D:4-7

Altars:

Annotations:
D:3 Ijyb, Natasha


Innate Abilities, Weirdness & Mutations

You have a beak for a mouth.
You have claws for feet.
You can fly.
You are surrounded by a mild repulsion field. (EV +2)
Scrolls take you a little longer to read.
Your body sometimes deteriorates upon taking damage.


Message History

The orc drinks a potion.
The orc suddenly seems more resistant.
The shadow imp completely misses you.
Attack whom?
Press: ? - help, Dir - move target cursor, f/p - Natasha
Aim: Natasha (severely wounded)
You could not reach far enough!
Your hound closely misses Natasha.
Your hound bites Natasha.
Natasha claws your hound!
Your hound dies!
Your hound's corpse disappears in a puff of smoke!
The shadow imp barely misses you. The shadow imp hits you.
* * * LOW HITPOINT WARNING * * *
Unknown command.
You can't go up here!
Natasha stares at you and mumbles some strange words.
The magic dart hits you!
* * * LOW HITPOINT WARNING * * *
The shadow imp lashes its tail.
The shadow imp gestures at you. Pain shoots through your body!
You die...

## #####....
#@5.'....
#h###.... #b# .
#o#
#####g#####'#
##
#....ow..h...
..
o.o.#..w......)
.. ob
#...###.... %.
#...# ... ..


You could see 2 worms, Natasha, a shadow imp, 2 orcs, a goblin and a bat.

Vanquished Creatures
  A ball python (D:4)
  A bat (D:2)
  A giant newt (D:1)
  A kobold (D:2)
  2 rats (D:1)
6 creatures vanquished.

Vanquished Creatures (collateral kills)
  Sigmund (D:3)
  An orc priest (D:3)
  Natasha (D:3)
  2 adders (D:4)
  A bat (D:3)
  A giant cockroach (D:1)
  A hobgoblin (D:1)
  A kobold (D:1)
  A quokka (D:3)
  A giant gecko zombie (D:3)
  A giant newt (D:3)
  A goblin (D:3)
  A rat (D:1)
14 creatures vanquished.

Grand Total: 20 creatures vanquished

Notes
Turn   | Place    | Note
-------+----------+-------------------------------------------
     0 | D:1      | Amnesiac the Tengu Summoner began the quest for the Orb.
     0 | D:1      | Reached XP level 1. HP: 10/10 MP: 4/4
   322 | D:1      | Gained mutation: Scrolls take you a little longer to read. [potion of mutation]
   322 | D:1      | Gained mutation: Your body sometimes deteriorates upon taking damage. [potion of mutation]
   322 | D:1      | Gained mutation: You are surrounded by a mild repulsion field. (EV +2) [potion of mutation]
   413 | D:2      | Reached XP level 2. HP: 15/15 MP: 3/6
   544 | D:3      | Noticed Natasha
   586 | D:3      | Noticed a crimson imp
   617 | D:3      | Killed Natasha
   617 | D:3      | Reached skill level 5 in Summonings
   617 | D:3      | Reached XP level 3. HP: 9/19 MP: 0/7
   859 | D:3      | Noticed Sigmund
   865 | D:3      | Learned a level 3 spell: Call Canine Familiar
   956 | D:3      | Killed Sigmund
   956 | D:3      | Reached XP level 4. HP: 24/24 MP: 1/10
  1089 | D:3      | Noticed Ijyb
  1356 | D:3      | Noticed Natasha
  1387 | D:3      | Gained mutation: You can fly. [Tengu growth]
  1387 | D:3      | Reached XP level 5. HP: 13/28 MP: 3/12
  1391 | D:3      | HP: 1/28 [Natasha/magic dart (4)]
  1391 | D:3      | Killed from afar by a shadow imp

Vault maps used:
D:1:      erik_arrival_triangle_medium
D:2:      marbit_many_paths, minmay_vboxes
D:3:      uniq_sigmund, uniq_natasha, uniq_iyjb

Skill      XL: |  1  2  3  4 |
---------------+-------------+-----
Summonings     | 5 |  5.2
Spellcasting   | 3 4 |  4.0
Dodging        | |  2.7
Stealth        | |  2.4

Action                   |  1- 3 |  4- 6 || total
-------------------------+-------+-------++-------
Melee: Unarmed           |    61 |       ||    61
       Kick              |    11 |     2 ||    13
       Peck              |     6 |     2 ||     8
       Scythe            |       |    11 ||    11
 Cast: Summon Small Mamm |    35 |       ||    35
       Call Canine Famil |     2 |     7 ||     9
  Use: Scroll            |     3 |       ||     3
       Potion            |     1 |       ||     1
 Stab: Sleeping          |     2 |       ||     2
       Distracted        |     1 |       ||     1
  Eat: Chunk             |       |     3 ||     3
Armor: Robe              |     9 |     4 ||    13
Dodge: Dodged            |    55 |    12 ||    67
